 Dungeon Crawl Stone Soup version 0.22.0-5-gf09313c (webtiles) character file.

77 Gergoth the Magician (level 4, 0/30 HPs)
             Began as a Mummy Fire Elementalist on Aug 13, 2018.
             Killed from afar by an orc wizard (7 damage)
             ... with a magic dart
             ... on level 2 of the Dungeon.
             The game lasted 00:03:47 (2189 turns).

Gergoth the Magician (Mummy Fire Elementalist)      Turns: 2189, Time: 00:03:49

Health: 0/30       AC:  3    Str: 11    XL:     4   Next: 14%
Magic:  0/9        EV: 12    Int: 15    God:
Gold:   131        SH:  0    Dex: 12    Spells: 9/10 levels left

rFire    x . .     SeeInvis .   (no weapon)
rCold    + . .     Gourm    .   (no shield)
rNeg     + + +     Faith    .   a - +0 robe
rPois    ∞         Spirit   .   (no helmet)
rElec    .         Reflect  .   (no cloak)
rCorr    .         Harm     .   j - +0 pair of gloves
MR       .....                  (no boots)
Stlth    ++........             (no amulet)
HPRegen  0.10/turn              (no ring)
MPRegen  0.11/turn              (no ring)

@: very slightly contaminated
A: no food or potions, fire vulnerability, cold resistance 1, negative energy
resistance 3, torment resistance, unbreathing
a: no special abilities


You were on level 2 of the Dungeon.
You were not hungry.

You visited 1 branch of the dungeon, and saw 3 of its levels.

You collected 131 gold pieces.

Inventory:

Armour
 a - a +0 robe (worn)
 j - a +0 pair of gloves (worn)
Jewellery
 g - an uncursed ring of ice {unknown}
 h - an uncursed ring of wizardry {unknown}
Scrolls
 b - a scroll of noise {unknown}
 c - 2 scrolls of amnesia {unknown}
 d - a scroll of enchant armour {unknown}
 e - a scroll of remove curse {unknown}
 f - 3 scrolls of identify {unknown}
 i - 3 scrolls of teleportation {unknown}
 k - a scroll of fog {unknown}
 l - a scroll of blinking {unknown}


   Skills:
 - Level 1.5 Dodging
 - Level 1.5 Stealth
 + Level 3.8 Spellcasting
 + Level 1.9 Conjurations
 + Level 3.1 Fire Magic


You had 9 spell levels left.
You knew the following spells:

 Your Spells              Type           Power        Failure   Level  Hunger
a - Flame Tongue          Conj/Fire      ##...        6%          1    N/A

Your spell library contained the following spells:

 Spells                   Type           Power        Failure   Level  Hunger
 Fireball                 Conj/Fire      ##........   87%         5    N/A
 Conjure Flame            Conj/Fire      ##......     19%         3    N/A
 Throw Flame              Conj/Fire      ##....       10%         2    N/A
 Sticky Flame             Conj/Fire      ##......     54%         4    N/A
 Inner Flame              Hex/Fire       #.......     28%         3    N/A

Dungeon Overview and Level Annotations

Branches:
Dungeon (3/15)

Altars:


Innate Abilities, Weirdness & Mutations

You do not eat or drink.
Your flesh is vulnerable to fire.
You are immune to poison.
Your flesh is cold resistant. (rC+)
You are immune to negative energy. (rN+++)
You are immune to unholy pain and torment.
You can survive without breathing.


Message History

You barely miss the orc wizard. The orc wizard hits you with a dagger!
* * * LOW HITPOINT WARNING * * *
You hit the orc wizard but do no damage.
The orc wizard barely misses you. The orc wizard closely misses you.
You hit the orc wizard but do no damage.
The orc wizard points at you and mumbles some strange words.
The puff of flame misses you.
Casting: Flame Tongue (safe; 6% risk of failure)
Confirm with . or Enter, or press ? or * to list all spells.
Aiming: Flame Tongue (safe; 6% risk of failure)
Press: ? - help, Shift-Dir - straight line, f/p - orc wizard
Aim: an orc wizard, wielding a dagger and wearing a robe (fast)
The flame tongue hits the orc wizard.
The orc wizard is lightly wounded.
The orc wizard hits you but does no damage. x2
You closely miss the orc wizard.
The orc wizard is lightly wounded.
The orc wizard casts a spell at you. The magic dart hits you!
You die...

#.# #........#.##..#
#.# #..............##
#.# #...)....#.###..#
#.#
#........#.####.######
#.#
##.......#%...........
#.#
#.......######.######
#.# #.......# #.# #..
#.# ####.#### #.# #.#
#.# #@# #.# #.# #.#
#o# ##.####.# #.#
#.########.(.##... #<#
#.............#..# #.#
##########.......#
#.###########
##.###..#
#...........# #.##
##.# ###########.# #.#
#.. #.# #.## ##.#


You could see an orc wizard.

Vanquished Creatures
  2 adders
  An ooze (D:3)
  A worm (D:2)
  2 dart slugs (D:1)
  3 leopard geckos
  2 orcs (D:3)
  5 bats
  4 giant cockroaches
  8 goblins
  5 hobgoblins
  A jackal (D:1)
  A frilled lizard (D:2)
  3 kobolds (D:1)
  4 rats
42 creatures vanquished.

Notes
Turn   | Place    | Note
-------+----------+-------------------------------------------
     0 | D:1      | Gergoth the Mummy Fire Elementalist began the quest for the Orb.
     0 | D:1      | Reached XP level 1. HP: 13/13 MP: 4/4
   273 | D:1      | Reached skill level 1 in Conjurations
   500 | D:1      | Reached XP level 2. HP: 16/19 MP: 0/6
  1271 | D:2      | Reached XP level 3. HP: 24/24 MP: 5/7
  2096 | D:3      | Reached XP level 4. HP: 27/30 MP: 0/9
  2189 | D:2      | Killed from afar by an orc wizard

Skill      XL: |  1  2  3 |
---------------+----------+-----
Conjurations   | 1 |  1.9
Spellcasting   | 3 |  3.8
Fire Magic     | 3 |  3.1
Dodging        | |  1.5
Stealth        | |  1.5

Action                   |  1- 3 |  4- 6 || total
-------------------------+-------+-------++-------
Melee: Unarmed           |    24 |     7 ||    31
 Cast: Flame Tongue      |    70 |    11 ||    81
Armor: Robe              |    16 |     5 ||    21
Dodge: Dodged            |    46 |    10 ||    56
